 Dungeon Crawl Stone Soup version 0.18-a0-1323-g706dcef (webtiles) character file.

138 varam the Sneak (level 5, -10/24 HPs)
             Began as a Spriggan Enchanter on Feb 12, 2016.
             Mangled by a sickly siren
             ... wielding a +0 spear
              (15 damage)
             ... in a sewer on Feb 15, 2016.
             The game lasted 00:21:58 (3968 turns).

varam the Sneak (Spriggan Enchanter)                Turns: 3968, Time: 00:21:58

Health: -10/24     AC:  8    Str:  4    XL:     5   Next: 1%
Magic:  0/10       EV: 18    Int: 18    God:
Gold:   133        SH:  0    Dex: 16    Spells: 3 memorised, 3 levels left

rFire  . . .     SeeInvis +     p - +1 dagger (protect)
rCold  . . .     Gourm    .     b - +1 robe
rNeg   . . .     Faith    .     (shield restricted)
rPois  .         Spirit   .     (helmet restricted)
rElec  .         Dismiss  .     (no cloak)
rCorr  .         Reflect  .     (gloves unavailable)
SustAt .         Harm     .     (boots unavailable)
MR     .....                    (no amulet)
Stlth  ++++......               (no ring)
                                (no ring)

@: mesmerised, very slightly contaminated, very quick, not resistant to hostile
enchantments, stealthy
A: unfitting armour, see invisible, herbivore 3, speed 3, slow metabolism 2
a: no special abilities


You were in a sewer.
You were not hungry.

You visited 1 branch of the dungeon, and saw 4 of its levels.
You also visited: Sewer.

You collected 133 gold pieces.

Inventory:

Hand Weapons
 p - a +1 dagger of protection (weapon)
Armour
 b - a +1 robe (worn)
 o - a +0 cloak
Wands
 j - a wand of iceblast (5/15)
 s - a wand of random effects (30/48)
Scrolls
 e - a scroll of teleportation
 f - 4 scrolls of enchant weapon
 g - a scroll of remove curse
 i - 2 scrolls of noise
 k - 3 scrolls of random uselessness
 r - a scroll of identify
 u - a scroll of magic mapping {unknown}
 v - a scroll of recharging {unknown}
Potions
 a - 2 potions of agility
 d - a potion of flight
 h - 3 potions of lignification
 m - 3 potions of brilliance {unknown}
 q - 2 potions of heal wounds {unknown}
 t - a potion of ambrosia {unknown}
Books
 c - a book of Maledictions

   Spells                             Type                      Level
   a - Corona                         Hexes                        1
   b - Ensorcelled Hibernation        Hexes/Ice                    2
   c - Confuse                        Hexes                        3
   d - Tukima's Dance                 Hexes                        3
   e - Dazzling Spray                 Conjuration/Hexes            3
Comestibles
 l - 2 bread rations
 n - 2 fruits


   Skills:
 + Level 3.8 Short Blades
 - Level 3.0 Dodging
 + Level 6.9 Stealth
 - Level 2.6 Spellcasting
 - Level 3.6 Hexes


You had 3 spell levels left.
You knew the following spells:

 Your Spells              Type           Power        Failure   Level  Hunger
a - Ensorcelled Hibernat  Hex/Ice        #.....       14%         2    ##.....
b - Corona                Hex            ###....      4%          1    #......
c - Confuse               Hex            ###.....     14%         3    ###....


Dungeon Overview and Level Annotations

Branches:
Dungeon (4/15)
 Temple: D:4-7

Altars:
Pakellas

Shops:
D:4 }


Innate Abilities, Weirdness & Mutations

You are tiny and cannot use many weapons and most armour.
You have supernaturally acute eyesight.
You are an herbivore.
You cover ground extremely quickly.
You need consume almost no food.


Message History

The rat completely misses you.
You cannot move away from the sickly siren!
You cannot move away from the sickly siren!
Unknown command.
You cannot move away from the sickly siren!
Unknown command.
You cannot move away from the sickly siren!
Casting: Confuse
Confirm with . or Enter, or press ? or * to list all spells.
Aiming: Confuse
Press: ? - help, Shift-Dir - straight line, f/p - sickly siren
Aim: a sickly siren, wielding a spear (mesmerising, chance to defeat MR: 15%)
The sickly siren resists with almost no effort.
The rat closely misses you. The sickly siren barely misses you.
The rat barely misses you.
You closely miss the rat.
The rat is moderately wounded.
The rat splashes around in the water.
The sickly siren hits you with a spear!
Ouch! That really hurt!
You die...

##### ##...≈#
##...≈≈≈≈
#######r..≈≈≈#
#......@≈≈≈≈≈#
#.##≈≈≈rm≈≈≈≈#
#.#≈≈≈###≈####
##########≈≈≈###
≈..
≈≈≈≈≈≈≈≈≈≈≈≈≈#
$$$#
≈≈≈≈##########
#### #######
≈≈≈≈∩∩# .≈≈≈###


You could see a sickly siren and 2 rats.

Vanquished Creatures
  5 adders
  2 river rats
  An ooze (D:3)
  A worm (D:1)
  5 giant geckos
  An orc (D:4)
  3 ball pythons
  4 giant cockroaches
  2 goblins (D:1)
  11 hobgoblins
  2 jackals (D:1)
  5 bats
  3 giant newts
  9 kobolds
  17 rats
71 creatures vanquished.

Notes
Turn   | Place    | Note
--------------------------------------------------------------
     0 | D:1      | varam the Spriggan Enchanter began the quest for the Orb.
     0 | D:1      | Reached XP level 1. HP: 9/9 MP: 5/5
   364 | D:1      | Reached XP level 2. HP: 13/13 MP: 6/6
   368 | D:1      | Learned a level 2 spell: Ensorcelled Hibernation
   676 | D:1      | Reached skill level 5 in Stealth
   744 | D:1      | Upgraded the game from 0.18-a0-1303-g41c131c to 0.18-a0-1311-g779ca93
  1227 | D:1      | Reached XP level 3. HP: 16/16 MP: 2/8
  1789 | D:2      | Reached skill level 6 in Stealth
  2092 | D:2      | Reached XP level 4. HP: 21/21 MP: 2/9
  2725 | D:3      | Learned a level 3 spell: Confuse
  2949 | D:4      | Found an oddly glowing altar of Pakellas.
  2949 | D:4      | Found Pakellas's Prime Provisions.
  2954 | D:4      | Upgraded the game from 0.18-a0-1311-g779ca93 to 0.18-a0-1312-gf98331d
  3023 | D:4      | Upgraded the game from 0.18-a0-1312-gf98331d to 0.18-a0-1323-g706dcef
  3706 | D:4      | Found a glowing drain.
  3714 | Sewer    | Entered a sewer
  3950 | Sewer    | Reached XP level 5. HP: 16/24 MP: 4/10
  3968 | Sewer    | Mangled by a sickly siren

Vault maps used:
D:1:      dpeg_arrival_rhombi
D:2:      minmay_misc_feat_plants
D:3:      first_bread, nrook_mini_vaults
D:4:      gup_sewer_entry_bubbles, johnstein_pakellas_shop
Sewer:    sewer_sea

Action                   |  1- 3 |  4- 6 || total
-------------------------+-------+-------++-------
Melee: Dagger            |    64 |    79 ||   143
 Cast: Corona            |     7 |       ||     7
       Ensorcelled Hiber |    34 |    25 ||    59
       Confuse           |       |     6 ||     6
  Use: Scroll            |       |     8 ||     8
 Stab: Sleeping          |    32 |    25 ||    57
  Eat: Bread ration      |     1 |       ||     1
